 Dungeon Crawl Stone Soup version 0.21.1-1-g345015f (webtiles) character file.

3810 Lunabell the Cruncher (level 10, -6/138 HPs)
             Began as a Naga Berserker on May 7, 2018.
             Was an Elder of Trog.
             Mangled by Grum
             ... wielding a -2 spear
              (11 damage)
             ... on level 8 of the Dungeon.
             The game lasted 00:35:19 (7880 turns).

Lunabell the Cruncher (Naga Berserker)              Turns: 7880, Time: 00:35:19

Health: -6/138     AC: 12    Str: 24    XL:     10   Next: 17%
Magic:  10/10      EV: 10    Int:  8    God:    Trog [****..]
Gold:   483        SH:  0    Dex: 14    Spells: 9/9 levels left

rFire    . . .     SeeInvis +   t - +4 quarterstaff (chaos)
rCold    . . .     Gourm    .   (shield currently unavailable)
rNeg     . . .     Faith    .   f - +1 scale mail
rPois    +         Spirit   .   j - +0 helmet
rElec    .         Reflect  .   u - +0 cloak
rCorr    .         Harm     .   r - +0 pair of gloves
MR       +....     Rnd*Tele +   (no barding)
Stlth    ..........             (no amulet)
HPRegen  0.33/turn              q - ring of teleportation
MPRegen  0.12/turn              (no ring)

@: berserking (expiring), quick
A: large, see invisible, deformed body, poison resistance, slowness 2, slow
metabolism 1, spit poison 1, AC +3
a: Spit Poison, Berserk, Trog's Hand, Brothers in Arms, Burn Spellbooks,
Renounce Religion


You were on level 8 of the Dungeon.
You worshipped Trog.
Trog was greatly pleased with you.
You were not hungry.

You visited 1 branch of the dungeon, and saw 8 of its levels.

You collected 483 gold pieces.

Inventory:

Hand Weapons
 i - a +3 quarterstaff
 t - a +4 quarterstaff of chaos (weapon)
 w - a +2 flail of holy wrath
Armour
 f - a +1 scale mail (worn)
 j - a +0 helmet (worn)
 r - a +0 pair of gloves (worn)
 u - a +0 cloak (worn)
Jewellery
 q - a ring of teleportation (left hand)
Wands
 g - a wand of flame (35)
Scrolls
 d - a scroll of magic mapping
 h - 2 scrolls of teleportation
 l - a scroll of enchant weapon {unknown}
 m - a scroll of blinking
 v - a scroll of torment
Potions
 a - a potion of flight
 b - 2 potions of invisibility {unknown}
 e - 4 potions of curing
 k - 3 potions of heal wounds
 n - a potion of might
 o - a potion of cancellation
 x - a potion of haste {unknown}
Comestibles
 c - 10 rations


   Skills:
 + Level 6.3 Fighting
 + Level 4.1(7.4) Maces & Flails
 + Level 9.7(10.0) Staves
 + Level 5.8 Armour
 + Level 3.7 Dodging
 + Level 4.2 Stealth


You had 9 spell levels left.
You didn't know any spells.

Dungeon Overview and Level Annotations

Branches:
Dungeon (8/15)             Temple (0/1) D:7
   Lair: D:8-11

Altars:

Annotations:
D:8 Grum


Innate Abilities, Weirdness & Mutations

You cannot wear boots.
Your serpentine skin is tough. (AC +3)
You have supernaturally acute eyesight. (SInv)
Armour fits poorly on your strangely shaped body.
Your system is resistant to poisons. (rPois)
You cover ground very slowly.
You have a slow metabolism.
You can spit poison.


Message History

The wolf bites you but does no damage. The wolf bites you.
* * * LOW HITPOINT WARNING * * *
You barely miss the wolf. The wolf closely misses you. x2
You barely miss the wolf. Grum hits you but does no damage.
You are too berserk!
You miss the wolf. The wolf bites you.
* * * LOW HITPOINT WARNING * * *
The wolf misses you.
You sock the wolf!
The wolf is poisoned.
The wolf is heavily wounded.
The wolf bites you but does no damage. The wolf barely misses you.
Grum hits you from afar with a spear.
* * * LOW HITPOINT WARNING * * *
You closely miss the wolf.
The wolf is heavily wounded.
The wolf barely misses you. The wolf bites you but does no damage.
You sock the wolf! You freeze the wolf.
The wolf is almost dead.
The wolf bites you but does no damage. Grum hits you from afar with a spear!
You die...

#.... #)##.#
#
#####.#).#.#
.
...........#
.#
....#..#...#
#.# ..
#..##..#...
.... #..#.#
.###. #....#
..
..##..###..#
.
###@.......#
#hh.###..#
#g..# ..
....# .....#
......#
######.# ..


You could see Grum and 2 wolves.

Vanquished Creatures
  The ghost of shugdite the Carver, a novice MiFi of Okawaru (D:8)
  A hippogriff (D:7)
  Sigmund (D:6)
  Menkaure (D:7)
  A water moccasin (D:7)
  3 ice beasts
  An orc warrior (D:6)
  A sky beast (D:7)
  2 phantoms
  2 wolves (D:8)
  5 centaurs
  An ogre (D:4)
  3 bullfrogs (D:6)
  A scorpion (D:4)
  4 wights (D:8)
  A howler monkey (D:4)
  5 crimson imps
  2 hounds
  An orc priest (D:4)
  Crazy Yiuf (D:4)
  A centaur skeleton (D:5)
  8 orc wizards
  2 bullfrog skeletons (D:5)
  3 worker ants
  2 hound zombies (D:7)
  2 hound skeletons
  3 gnolls (D:7)
  11 adders
  2 shadow imps
  An ooze (D:2)
  An adder zombie (D:7)
  An adder skeleton (D:6)
  3 worms (D:3)
  4 leopard geckos
  29 orcs
  2 ball pythons
  10 giant cockroaches
  6 goblins
  7 hobgoblins
  2 jackals (D:3)
  5 kobolds
  A quokka (D:8)
  9 bats
  5 frilled lizards
  A jackal zombie (D:6)
  5 rats
164 creatures vanquished.

Notes
Turn   | Place    | Note
-------+----------+-------------------------------------------
     0 | D:1      | Lunabell the Naga Berserker began the quest for the Orb.
     0 | D:1      | Reached XP level 1. HP: 21/21 MP: 1/1
   287 | D:1      | Reached XP level 2. HP: 28/28 MP: 2/2
  1328 | D:2      | Reached XP level 3. HP: 24/34 MP: 3/3
  1604 | D:2      | Reached ** piety under Trog
  1722 | D:2      | Reached XP level 4. HP: 37/42 MP: 4/4
  2295 | D:3      | Reached skill level 1 in Staves
  2301 | D:3      | Reached XP level 5. HP: 37/49 MP: 5/5
  2480 | D:3      | Reached skill level 1 in Stealth
  3148 | D:3      | Reached skill level 2 in Staves
  3222 | D:4      | Reached *** piety under Trog
  3407 | D:4      | Reached XP level 6. HP: 57/57 MP: 6/6
  3483 | D:4      | Got a steaming long sword
  3691 | D:4      | Found a runed door.
  3776 | D:4      | Reached skill level 3 in Staves
  3858 | D:4      | Noticed a phantom
  3866 | D:4      | Reached XP level 7. HP: 24/64 MP: 7/7
  4569 | D:4      | Noticed Crazy Yiuf
  4574 | D:4      | Killed Crazy Yiuf
  4574 | D:4      | Reached skill level 4 in Staves
  4609 | D:5      | Entered Level 5 of the Dungeon
  4834 | D:5      | Reached skill level 5 in Staves
  4841 | D:5      | Reached XP level 8. HP: 73/73 MP: 8/8
  5395 | D:6      | Reached skill level 6 in Staves
  5426 | D:6      | Reached skill level 5 in Fighting
  5569 | D:6      | Reached skill level 7 in Staves
  5720 | D:6      | Reached **** piety under Trog
  6110 | D:6      | Noticed Sigmund
  6117 | D:6      | Killed Sigmund
  6117 | D:6      | Reached XP level 9. HP: 75/81 MP: 9/9
  6642 | D:7      | Found a staircase to the Ecumenical Temple.
  6969 | D:7      | Noticed Menkaure
  6973 | D:7      | Killed Menkaure
  6998 | D:7      | Reached skill level 8 in Staves
  7092 | D:7      | Reached skill level 5 in Armour
  7550 | D:8      | Noticed shugdite's ghost (novice MiFi)
  7571 | D:8      | Killed shugdite's ghost
  7571 | D:8      | Reached skill level 9 in Staves
  7571 | D:8      | Reached XP level 10. HP: 73/91 MP: 10/10
  7857 | D:8      | Noticed Grum
  7878 | D:8      | HP: 5/138 [Grum/spear (2)]
  7880 | D:8      | Mangled by Grum

Skill      XL: |  1  2  3  4  5  6  7  8  9 |
---------------+----------------------------+-----
Dodging        | 2 3 |  3.7
Maces & Flails | 4 |  4.1
Armour         | 2 3 4 5 |  5.8
Staves         | 1 2 3 5 7 9 |  9.7
Stealth        | 1 3 4 |  4.2
Fighting       | 4 5 6 |  6.3

Action                   |  1- 3 |  4- 6 |  7- 9 | 10-12 || total
-------------------------+-------+-------+-------+-------++-------
Melee: Mace              |   112 |       |       |       ||   112
       Quarterstaff      |     8 |   128 |   232 |    49 ||   417
Invok: Berserk           |       |     2 |     7 |     2 ||    11
  Use: Potion            |     3 |       |       |       ||     3
       Scroll            |     5 |     8 |     4 |     2 ||    19
 Stab: Confused          |       |       |     2 |       ||     2
       Petrifying        |       |       |     1 |       ||     1
  Eat: Ration            |     1 |     3 |     4 |     1 ||     9
Armor: Animal skin       |    30 |       |       |       ||    30
       Scale mail        |    19 |   144 |   127 |    35 ||   325
Dodge: Dodged            |    86 |   128 |   119 |    37 ||   370
